 Dungeon Crawl Stone Soup version 0.20-a0-345-gbfb25ec (webtiles) character file.

94810 FitzyFitz the Impaler (level 16, -4/166 (167) HPs)
             Began as a Naga Warper on Dec 21, 2016.
             Was a High Priest of Ashenzari.
             Shot with a bolt by a naga sharpshooter (12 damage)
             ... on level 2 of the Snake Pit on Dec 22, 2016.
             The game lasted 02:05:44 (30073 turns).

FitzyFitz the Impaler (Naga Warper)                Turns: 30073, Time: 02:05:44

HP:   -4/166 (167)  AC: 27    Str: 15    XL:     16   Next: 12%
MP:   0/22          EV: 15    Int: 24    God:    Ashenzari [*****.]
Gold: 726           SH:  6    Dex: 24    Spells: 10/21 levels left

rFire  . . .     SeeInvis +     b - +8 bardiche "Avoinic" {freeze, -Tele MR+ Str+2 Dex+3}
rCold  . . .     Gourm    .     w - quicksilver dragon scales
rNeg   . . .     Faith    .     (shield currently unavailable)
rPois  +         Spirit   +     n - +2 hat {Spirit} (curse)
rElec  .         Reflect  +     Q - +2 cloak of the Original Sin {rCorr Int+3 Dex+6 Stlth-}
rCorr  +         Harm     .     N - +1 pair of gloves "Veqel" {Regen+ Int+2 SInv} (curse)
MR     +++++     Clarity  +     M - +0 naga barding (curse)
Stlth  +++++..... NoTele   +    z - +6 amulet of reflection (curse)
                                V - ring of protection from magic
                                g - +3 ring of evasion (curse)

@: lethally poisoned (-4 -> -4), very slow
A: repulsion field 1, see invisible, agile 1, deformed body, deterioration 1,
poison resistance, robust 1, slowness 2, slow metabolism 1, spit poison 1,
constrict 1, AC +5
a: Spit Poison, Curse Item, Scrying, Transfer Knowledge, Renounce Religion


You were on level 2 of the Snake Pit.
You worshipped Ashenzari.
Ashenzari was extremely pleased with you.
You were not hungry.

You visited 6 branches of the dungeon, and saw 23 of its levels.
You also visited: Ossuary.

You collected 2850 gold pieces.
You spent 2124 gold pieces at shops.

Inventory:

Hand Weapons
 a - a +4 glaive
 b - the +8 bardiche "Avoinic" (weapon) {freeze, -Tele MR+ Str+2 Dex+3}
   (You bought it in a shop on level 2 of the Orcish Mines)

   It has been specially enchanted to freeze those struck by it, causing extra
   injury to most foes and up to half again as much damage against particularly
   susceptible opponents.
   It can also slow down cold-blooded creatures.
   It affects your strength (+2).
   It affects your dexterity (+3).
   It affects your resistance to hostile enchantments.
   It prevents most forms of teleportation.
 X - a +1 scimitar of flaming
Missiles
 e - 3 tomahawks of dispersal
 p - 40 tomahawks (quivered)
Armour
 n - a cursed +2 hat of spirit shield (worn)
 w - quicksilver dragon scales (worn)
 C - the cursed +0 helmet "Diegik" {MR+ Str+7}
   (You bought it in a shop on level 2 of the Orcish Mines)

   It affects your strength (+7).
   It affects your resistance to hostile enchantments.
   It has a curse placed upon it.
 M - a cursed +0 naga barding (worn)
 N - the cursed +1 pair of gloves "Veqel" (worn) {Regen+ Int+2 SInv}
   (You acquired it on level 1 of the Swamp)

   It affects your intelligence (+2).
   It lets you see invisible.
   It increases your rate of regeneration.
   It has a curse placed upon it.
 Q - the +2 cloak of the Original Sin (worn) {rCorr Int+3 Dex+6 Stlth-}
   (You found it on level 2 of the Swamp)

   It affects your intelligence (+3).
   It affects your dexterity (+6).
   It protects you from acid and corrosion.
   It makes you less stealthy.
 Z - the +1 robe of Protective Custody {+Inv Str+3}
   (You found it on level 8 of the Dungeon)

   It affects your strength (+3).
   It lets you turn invisible.
Jewellery
 g - a cursed +3 ring of evasion (left hand)
 m - a +3 ring of protection
 u - an uncursed ring of ice
 z - a cursed +6 amulet of reflection (around neck)
 I - an uncursed ring of positive energy
 L - an uncursed ring of resist corrosion
 P - an uncursed ring of stealth
 V - a ring of protection from magic (right hand)
Wands
 j - a wand of lightning (0/15)
 r - a wand of iceblast (0/15)
 y - a wand of lightning (1/15)
 J - a wand of paralysis (0/24)
 O - a wand of enslavement (0/24)
 R - a wand of flame (24/48)
Scrolls
 c - 2 scrolls of remove curse
 d - 2 scrolls of blinking
 h - a scroll of random uselessness {unknown}
 i - 3 scrolls of fog
 k - 2 scrolls of fear
 l - a scroll of magic mapping
 v - a scroll of enchant weapon
 A - a scroll of silence
 B - 4 scrolls of teleportation
 S - a scroll of enchant armour
 Y - 2 scrolls of recharging
Potions
 o - a potion of cure mutation
 s - 4 potions of curing
 t - 3 potions of ambrosia
 x - 4 potions of brilliance
 D - 2 potions of haste
 E - 6 potions of flight
 K - a potion of cancellation
 T - a potion of might
 U - 5 potions of heal wounds
Miscellaneous
 H - a sack of spiders
Comestibles
 f - 9 bread rations
 q - 5 meat rations
 F - 3 beef jerkies
 G - 34 fruits


   Skills:
 - Level 12.3 Fighting
 + Level 17.3 Polearms
 - Level 0.8 Throwing
 + Level 6.5(9.3) Armour
 - Level 2.2(4.3) Dodging
 - Level 16.5 Stealth
 + Level 3.0 Spellcasting
 - Level 2.6(4.8) Charms
 + Level 7.6(10.3) Translocations
 - Level 9.2(11.7) Evocations


You had 10 spell levels left.
You knew the following spells:

 Your Spells              Type           Power        Failure   Level  Hunger
a - Blink                 Tloc           N/A          1%          2    ##.....
b - Shroud of Golubria    Chrm/Tloc      #####.....   1%          2    ##.....
c - Lesser Beckoning      Tloc           ######....   1%          3    ###....
d - Teleport Other        Tloc           ######..     1%          3    ###....
e - Apportation           Tloc           ######....   1%          1    None


Dungeon Overview and Level Annotations

Branches:
Dungeon (10/15)            Temple (1/1) D:5            Lair (6/6) D:9
  Swamp (2/4) Lair:4        Snake (2/4) Lair:4        Slime (0/5) Lair:6
    Orc (2/2) D:10            Elf (0/3) Orc:2

Altars:
Ashenzari
Cheibriados
Dithmenos
Elyvilon
Fedhas
Gozag
Hepliaklqana
Kikubaaqudgha
Makhleb
Nemelex Xobeh
Okawaru
Qazlal
Ru
Sif Muna
Trog
Uskayaw
Vehumet
Xom
Yredelemnul
Zin
The Shining One
Beogh
Jiyva

Shops:
D:7 :   Orc:1 %   Orc:2 *([=   Snake:1 !!:*:*

Annotations:
D:3 Byte's ghost, weakling DsWn
Lair:2 Jivvin's ghost, journeyman MiMo


Innate Abilities, Weirdness & Mutations

You cannot wear boots.
Your serpentine skin is tough. (AC +5)
You have supernaturally acute eyesight. (SInv)
Armour fits poorly on your strangely shaped body.
Your system is resistant to poisons. (rPois)
You cover ground very slowly.
You have a slow metabolism.
You can spit poison.
You can use your snake-like lower body to constrict enemies.
You are surrounded by a mild repulsion field. (EV +2)
You are agile. (Dex +2)
Your body sometimes deteriorates upon taking damage.
You are robust. (+10% HP)


Message History

Your redback bites the naga sharpshooter but does no damage.
The naga sharpshooter spits poison at your redback.
The splash of poison hits your redback.
Your redback appears unharmed.
Your redback bites the naga sharpshooter!!
The naga sharpshooter dies!
The naga spits poison at you. The splash of poison hits your redback.
The naga sharpshooter mumbles some strange words.
The naga sharpshooter magically shoots a bolt.
The bolt hits you!!
* * * LOW HITPOINT WARNING * * *
There is a stone staircase leading down, spattered with blood here.
You see here 2 bolts.
You cannot teleport because you are wielding the +8 bardiche "Avoinic" {freeze, -Tele MR+ Str+2 Dex+3}.
You feel sick.
Your redback bites the naga sharpshooter.
The naga sharpshooter shoots a bolt.
The bolt barely misses your redback. The bolt hits you!
You die...

#################################
........##.......................
........##.......................
........##.......................
..,#....##........###############
...#.....#...##..######### *#####
..../........##..# ......., #....
.............##.@# ......., #....
###############.>##....# * ##...#
** * * *####..(#)...#####....# ,
,, #..(...(†(..##.......# ,,,
#.......a(..##.......# *,, ,
*####....)s..##.......# * , , *
**#####s...##.......# , , ,,, ,,
#N..##.......# , , { **,
...##.......#


You could see a naga sharpshooter, a friendly soldier ant and 2 friendly
redbacks.

Vanquished Creatures
  Gastronok (D:10)
  An orc warlord (Orc:2)
  Aizul (Snake:2)
  6 hydras
  3 catoblepae (Lair:6)
  5 alligators
  Erica (D:8)
  3 anacondas
  5 two-headed ogres
  13 death yaks
  2 orc high priests (Orc:2)
  A shock serpent (Snake:2)
  6 naga sharpshooters
  Nergalle (Orc:2)
  2 salamander mystics (Snake:2)
  7 sea snakes (Snake:1)
  4 swamp dragons (Swamp:1)
  A shambling mangrove (Swamp:1)
  2 naga ritualists
  3 mana vipers
  2 manticores (Lair:6)
  A deep elf mage (D:10)
  3 orc sorcerers
  4 orc knights
  4 elephants (Lair:3)
  2 naga magi
  8 spiny frogs
  10 black mambas
  2 torpor snails (Lair:2)
  A rime drake (Lair:2)
  6 komodo dragons
  2 trolls
  A polar bear (Lair:4)
  A merfolk (D:10)
  A bog body (Swamp:1)
  2 tyrant leeches (Swamp:1)
  4 hornets (Swamp:1)
  16 slime creatures
  25 blink frogs
  4 dream sheep (Lair:6)
  8 hippogriffs
  A shadow (Swamp:1)
  5 basilisks
  2 wyverns
  A human (D:10)
  50 yaks
  2 hungry ghosts (D:10)
  10 swamp worms
  4 vampire mosquitoes (Swamp:1)
  2 wargs (Orc:2)
  9 insubstantial wisps (Swamp:1)
  12 nagas
  11 water moccasins
  2 hell hounds (D:9)
  26 orc warriors
  10 porcupines
  2 sky beasts
  A black bear (D:6)
  3 swamp drakes (Swamp:1)
  An eye of draining (D:10)
  A phantom (D:8)
  A necrophage (D:10)
  9 ogres
  4 wolves
  6 centaurs
  12 crocodiles
  13 bullfrogs
  3 scorpions
  11 killer bees
  8 wights
  16 electric eels
  2 howler monkeys (D:10)
  3 centaur zombies
  2 crimson imps
  A quasit (D:5)
  3 hounds
  A centaur skeleton (D:5)
  4 jellies
  22 orc priests
  2 bullfrog skeletons
  Natasha (thrice) (D:2)
  5 iguanas
  18 orc wizards
  4 worker ants
  A killer bee zombie (D:5)
  A big kobold zombie (Ossuary)
  2 hound zombies
  A hound skeleton (D:9)
  8 mummies (Ossuary)
  4 gnolls (D:5)
  11 adders
  2 shadow imps (D:6)
  2 oozes
  An adder skeleton (D:6)
  An adder zombie (D:4)
  6 worms
  A dart slug (D:2)
  2 leopard geckos
  68 orcs
  4 ball pythons
  8 bats
  7 giant cockroaches
  A gnoll zombie (Ossuary)
  11 hobgoblins
  8 jackals
  4 quokkas
  7 frilled lizards
  A giant cockroach zombie (D:6)
  7 goblins
  3 hobgoblin zombies (Ossuary)
  13 kobolds
  A kobold zombie (Ossuary)
  A leopard gecko skeleton (D:9)
  A leopard gecko zombie (D:5)
  2 orc zombies (Ossuary)
  2 quokka skeletons
  4 rats
  2 fungi
  2 plants
683 creatures vanquished.

Vanquished Creatures (collateral kills)
  A naga sharpshooter (Snake:2)
  A slime creature (Swamp:1)
  A swamp worm (Swamp:1)
3 creatures vanquished.

Vanquished Creatures (others)
  A hydra (Swamp:1)
  A naga sharpshooter (Snake:2)
  3 centaurs (Lair:4)
  13 fungi
  15 plants
33 creatures vanquished.

Grand Total: 719 creatures vanquished

Notes
Turn   | Place    | Note
-------+----------+-------------------------------------------
     0 | D:1      | FitzyFitz the Naga Warper began the quest for the Orb.
     0 | D:1      | Reached XP level 1. HP: 19/19 MP: 3/3
   183 | D:1      | Reached XP level 2. HP: 26/26 MP: 5/5
   351 | D:1      | Reached skill level 3 in Polearms
   738 | D:1      | Reached XP level 3. HP: 29/32 MP: 6/6
   852 | D:2      | Found a snail-covered altar of Cheibriados.
  1069 | D:2      | Noticed Natasha
  1082 | D:2      | Killed Natasha
  1082 | D:2      | Reached skill level 4 in Polearms
  1082 | D:2      | Reached XP level 4. HP: 20/39 MP: 7/7
  1529 | D:2      | Noticed Natasha
  1547 | D:2      | Killed Natasha
  1558 | D:2      | Reached skill level 5 in Polearms
  1558 | D:2      | Reached XP level 5. HP: 32/45 MP: 8/8
  1710 | D:2      | Noticed Natasha
  1722 | D:2      | Killed Natasha
  2103 | D:3      | Noticed Byte's ghost (weakling DsWn)
  2123 | D:2      | Learned a level 2 spell: Blink
  2126 | D:2      | Learned a level 2 spell: Shroud of Golubria
  2130 | D:2      | Learned a level 3 spell: Lesser Beckoning
  3035 | D:4      | Reached skill level 1 in Stealth
  3035 | D:4      | Reached XP level 6. HP: 21/52 MP: 6/9
  3259 | D:4      | Reached skill level 6 in Polearms
  3675 | D:4      | Reached XP level 7. HP: 60/60 MP: 10/10
  3963 | D:5      | Entered Level 5 of the Dungeon
  4695 | D:5      | Found a staircase to the Ecumenical Temple.
  4707 | Temple   | Entered the Ecumenical Temple
  5081 | D:5      | Noticed a two-headed ogre
  5093 | D:5      | Killed a two-headed ogre
  5093 | D:5      | Reached skill level 7 in Polearms
  5093 | D:5      | Reached skill level 5 in Translocations
  5093 | D:5      | Reached XP level 8. HP: 31/67 MP: 8/11
  5578 | D:6      | Found a radiant altar of Vehumet.
  5727 | D:6      | Reached skill level 8 in Polearms
  5774 | D:6      | Found a burning altar of Makhleb.
  5776 | D:6      | Found a blossoming altar of Fedhas.
  5780 | D:6      | Found a hazy altar of Hepliaklqana.
  5780 | D:6      | Found an opulent altar of Gozag.
  5780 | D:6      | Found an ancient bone altar of Kikubaaqudgha.
  5781 | D:6      | Found a radiant altar of Vehumet.
  5782 | D:6      | Found an iron altar of Okawaru.
  5783 | D:6      | Found a basalt altar of Yredelemnul.
  5784 | D:6      | Found a shattered altar of Ashenzari.
  5785 | D:6      | Found a stormy altar of Qazlal.
  5794 | D:6      | Became a worshipper of Ashenzari the Shackled
  6243 | D:6      | Reached XP level 9. HP: 72/73 MP: 12/12
  6536 | D:6      | Reached skill level 1 in Charms
  6838 | D:7      | Found Ucuoj's Book Boutique.
  6950 | D:7      | Found a sand-covered staircase.
  6954 | Ossuary  | Entered an ossuary
  7889 | D:8      | Got the uncursed robe of Protective Custody {+Inv Str+3}
  7902 | D:8      | Identified the +1 robe of Protective Custody {+Inv Str+3} (You found it on level 8 of the Dungeon)
  8028 | D:8      | Noticed Erica
  8069 | D:8      | Reached skill level 1 in Evocations
  8076 | D:8      | Reached skill level 10 in Stealth
  8134 | D:8      | Reached skill level 9 in Polearms
  8143 | D:8      | Found a hide-covered altar of Uskayaw.
  8157 | D:8      | Reached XP level 10. HP: 51/87 MP: 13/13
  8158 | D:8      | Gained mutation: You are surrounded by a mild repulsion field. (EV +2) [potion of mutation]
  8158 | D:8      | Gained mutation: Your body sometimes deteriorates upon taking damage. [potion of mutation]
  8158 | D:8      | Gained mutation: You are robust. (+10% HP) [potion of mutation]
  8522 | D:8      | Noticed a two-headed ogre
  8541 | D:8      | Killed a two-headed ogre
  8541 | D:8      | Reached skill level 5 in Fighting
  8618 | D:8      | Learned a level 3 spell: Teleport Other
  8620 | D:8      | Learned a level 1 spell: Apportation
  8904 | D:8      | Killed Erica
  9012 | D:9      | Found a staircase to the Lair.
  9037 | D:9      | Reached skill level 10 in Polearms
  9039 | D:9      | Got the uncursed scale mail of Muttered Phrases {rPois Str+4}
  9071 | D:9      | Identified the +7 scale mail of Muttered Phrases {rPois Str+4} (You found it on level 9 of the Dungeon)
  9317 | D:9      | Found an ancient bone altar of Kikubaaqudgha.
  9421 | Lair:1   | Entered Level 1 of the Lair of Beasts
  9430 | Lair:1   | Reached skill level 5 in Evocations
  9456 | Lair:1   | Reached XP level 11. HP: 86/106 MP: 15/15
 10280 | Lair:1   | Reached * piety under Ashenzari
 10287 | Lair:1   | Got the rapier "Killer Klown's Peril" {chaos, rF+ Dex+4 SInv}
 11366 | Lair:2   | Found a snail-covered altar of Cheibriados.
 11729 | Lair:2   | Noticed Jivvin's ghost (journeyman MiMo)
 12255 | D:9      | Found a bloodstained altar of Trog.
 12365 | D:9      | Gained mutation: You are agile. (Dex +2) [potion of beneficial mutation]
 12666 | D:9      | Reached skill level 11 in Polearms
 12849 | D:10     | Entered Level 10 of the Dungeon
 13279 | D:10     | Noticed a two-headed ogre
 13286 | D:10     | Noticed a two-headed ogre
 13287 | D:10     | Killed a two-headed ogre
 13298 | D:9      | Reached XP level 12. HP: 64/115 MP: 15/18
 13312 | D:9      | Noticed a two-headed ogre
 13319 | D:9      | Killed a two-headed ogre
 13319 | D:9      | Reached skill level 12 in Polearms
 13571 | D:9      | Killed a two-headed ogre
 13864 | D:10     | Noticed Gastronok
 13883 | D:10     | Killed Gastronok
 13883 | D:10     | Reached skill level 13 in Polearms
 14369 | D:10     | Found a staircase to the Orcish Mines.
 15079 | Lair:1   | Identified the +7 rapier "Killer Klown's Peril" {chaos, rF+ Dex+4 SInv} (You found it on level 1 of the Lair of Beasts)
 15279 | Lair:2   | Reached skill level 14 in Polearms
 15411 | Lair:3   | Reached ** piety under Ashenzari
 15474 | Lair:3   | Reached skill level 1 in Armour
 16035 | Lair:3   | Noticed a death yak
 16036 | Lair:3   | Noticed a death yak
 16039 | Lair:3   | Noticed a death yak
 16039 | Lair:3   | Noticed a death yak
 16054 | Lair:2   | Killed a death yak
 16186 | Lair:3   | Reached *** piety under Ashenzari
 16200 | Lair:3   | Noticed a six-headed hydra
 16206 | Lair:3   | Killed a six-headed hydra
 16258 | Lair:3   | Gained mutation: You can use your snake-like lower body to constrict enemies. [Naga growth]
 16258 | Lair:3   | Reached XP level 13. HP: 110/122 MP: 16/19
 16398 | Lair:4   | Identified the +7 quarterstaff of Patterns {protect, +Rage rElec rN+}
 16564 | Lair:4   | Reached skill level 15 in Polearms
 16709 | Lair:4   | Found a staircase to the Swamp.
 18105 | Lair:4   | Found a glowing silver altar of Zin.
 18616 | Lair:4   | Found a staircase to the Snake Pit.
 18700 | Lair:4   | Reached skill level 16 in Polearms
 19077 | Lair:5   | Reached **** piety under Ashenzari
 19317 | Lair:5   | Reached XP level 14. HP: 121/132 MP: 20/20
 20086 | Lair:6   | Entered Level 6 of the Lair of Beasts
 20209 | Lair:6   | Found a viscous altar of Jiyva.
 20209 | Lair:6   | Found a staircase to the Slime Pits.
 20349 | Lair:6   | Identified a scroll of acquirement
 20622 | Lair:6   | Reached skill level 15 in Stealth
 21916 | Orc:1    | Entered Level 1 of the Orcish Mines
 22055 | Orc:2    | Entered Level 2 of the Orcish Mines
 22066 | Orc:2    | Found a staircase to the Elven Halls.
 22301 | Orc:1    | Found a roughly hewn altar of Beogh.
 22432 | Orc:1    | Found a bloodstained altar of Trog.
 22496 | Orc:1    | Found Remeisuir's Food Shoppe.
 22660 | Orc:2    | Reached ***** piety under Ashenzari
 22769 | Orc:2    | Found a roughly hewn altar of Beogh.
 23354 | Orc:2    | Found Xoitieph's General Store.
 23369 | Orc:2    | Found Teosak's Antique Armour Shop.
 23490 | Orc:2    | Noticed an orc warlord
 23869 | Orc:2    | Noticed Nergalle
 23903 | Orc:2    | Found a roughly hewn altar of Beogh.
 23915 | Orc:2    | Killed Nergalle
 23933 | Orc:2    | Found Damostr Mafa's Antique Weapon Shop.
 24354 | Orc:2    | Found Qisoer's Jewellery Shop.
 24401 | Orc:2    | Bought a scroll of identify for 30 gold pieces
 24422 | Orc:2    | Bought a shimmering bardiche for 448 gold pieces
 24422 | Orc:2    | Identified the +8 bardiche "Avoinic" {freeze, -Tele MR+ Str+2 Dex+3} (You bought it in a shop on level 2 of the Orcish Mines)
 24678 | Orc:2    | Bought quicksilver dragon scales for 1380 gold pieces
 24678 | Orc:2    | Bought an encrusted helmet for 218 gold pieces
 24678 | Orc:2    | Identified the cursed +0 helmet "Diegik" {MR+ Str+7} (You bought it in a shop on level 2 of the Orcish Mines)
 24721 | Orc:2    | Killed an orc warlord
 24721 | Orc:2    | Reached skill level 10 in Fighting
 25165 | Swamp:1  | Entered Level 1 of the Swamp
 25174 | Swamp:1  | Reached XP level 15. HP: 151/151 MP: 19/21
 26194 | Swamp:1  | Upgraded the game from 0.20-a0-336-g7b05759 to 0.20-a0-345-gbfb25ec
 27800 | Swamp:1  | Reached skill level 17 in Polearms
 27918 | Swamp:1  | Got the cursed pair of gloves "Veqel" {Regen+ Int+2 SInv}
 27924 | Swamp:1  | Identified the cursed +1 pair of gloves "Veqel" {Regen+ Int+2 SInv} (You acquired it on level 1 of the Swamp)
 28306 | Swamp:2  | Got the uncursed cloak of the Original Sin {rCorr Int+3 Dex+6 Stlth-}
 28312 | Swamp:2  | Identified the +2 cloak of the Original Sin {rCorr Int+3 Dex+6 Stlth-} (You found it on level 2 of the Swamp)
 28589 | Snake:1  | Entered Level 1 of the Snake Pit
 28619 | Snake:1  | Found Kiemuxup's Assorted Antiques.
 28619 | Snake:1  | Found Imnal's Book Boutique.
 28623 | Snake:1  | Found Pohoykue's Assorted Antiques.
 28627 | Snake:1  | Bought a scroll of fog for 48 gold pieces
 28652 | Snake:1  | Found Ewuthro's Book Emporium.
 28670 | Snake:1  | Found Poharch's Distillery.
 28751 | Snake:1  | Found Oloam's Distillery.
 28964 | Snake:1  | Reached skill level 5 in Armour
 29777 | Snake:2  | Reached XP level 16. HP: 144/166 MP: 22/22
 30056 | Snake:2  | Noticed Aizul
 30065 | Snake:2  | Killed Aizul
 30072 | Snake:2  | HP: 8/166 [naga sharpshooter/bolt (19)]
 30073 | Snake:2  | Shot with a bolt by a naga sharpshooter

Vault maps used:
D:1:      moated_graveyard_arrival
D:2:      cheibriados_altar_1, first_bread, uniq_natasha
D:4:      kennysheep_cross_room
D:5:      grunt_ministairs_8
D:6:      minitemple, serial_glass, glass_columns_a, glass_columns_c,
          chequers_big_river, vehumet_altar_wand_db
D:7:      serial_shops, shop, nicolae_ossuary_entry_plus, nicolae_benzene_ring
D:8:      basic_altar, uniq_erica
D:9:      kennysheep_mini, minmay_lair_entry_lava, basic_altar
D:10:     orc_0_dummy, hangedman_stone_soup, uniq_gastronok
Temple:   grunt_temple_mini_profane
Lair:1:   serial_bayou_crossing
Lair:2:   kennysheep_snail_temple
Lair:3:   lemuel_fruit_fields, grunt_megastairs_2, lemuel_fruit_tree
Lair:4:   nicolae_swamp_entry_splash_gauntlet,
          minmay_snake_entry_guardpost_large, lemuel_centaur_altar
Lair:5:   serial_bayou_shore_a, lemuel_fruit_fields, serial_bayou_shore_b,
          grunt_megastairs_3
Lair:6:   evilmike_catoblepas_cave, slime_altar_1
Swamp:1:  serial_swamp_ruin, evilmike_swamp_ruin_rubble_2,
          evilmike_swamp_ruin_house_2, evilmike_swamp_ruin_house_4
Swamp:2:  nicolae_swamp_round_clearing, swamp_pool1
Snake:1:  serial_shops, shop, shop_coins, shop, serial_bayou,
          serial_bayou_pond_c, serial_bayou_lake_a, serial_bayou_lagoon_a,
          serial_bayou_pond_c, minmay_shop_star
Snake:2:  uniq_aizul, uniq_vashnia
Orc:1:    serial_shops, shop, basic_altar, minmay_orc_temple_b
Orc:2:    grunt_orc_cross, basic_altar
Ossuary:  ossuary_tomb_3

Skill      XL: |  1  2  3  4  5  6  7  8  9 10 11 12 13 14 15 16 |
---------------+-------------------------------------------------+-----
Polearms       | 3 4 5 6 7 8 9 10 11 14 16 17 | 17.3
Stealth        | 1 3 7 8 10 14 16 | 16.5
Translocations | 5 6 7 |  7.6
Charms         | 2 |  2.6
Fighting       | 4 6 10 12 | 12.3
Evocations     | 1 6 9 |  9.2
Armour         | 1 6 |  6.5
Dodging        | 2 |  2.2
Spellcasting   | 3 |  3.0
Throwing       | |  0.8

Action                   |  1- 3 |  4- 6 |  7- 9 | 10-12 | 13-15 | 16-18 || total
-------------------------+-------+-------+-------+-------+-------+-------++-------
Melee: Spear             |   126 |   305 |   283 |       |       |       ||   714
       Halberd           |       |       |   157 |   740 |       |       ||   897
       Glaive            |       |       |       |    33 |  1041 |       ||  1074
       Constrict         |       |       |       |       |   153 |     6 ||   159
       Bardiche          |       |       |       |       |   173 |    26 ||   199
       Scimitar          |       |       |       |       |    18 |       ||    18
 Fire: Blowgun           |       |       |     9 |     4 |       |       ||    13
Throw: Tomahawk          |     1 |       |     6 |    10 |    18 |       ||    35
 Cast: Shroud of Golubri |       |     1 |       |       |       |       ||     1
       Blink             |       |       |     1 |     3 |     7 |       ||    11
       Teleport Other    |       |       |       |       |     2 |       ||     2
Invok: Curse Item        |       |       |     3 |     4 |       |       ||     7
       Scrying           |       |       |       |       |     1 |       ||     1
 Abil: Spit Poison       |     8 |    34 |    30 |    37 |    35 |       ||   144
       Evoke Invisibilit |       |       |       |    11 |    23 |       ||    34
Evoke: Wand              |       |     3 |    11 |    12 |    23 |     2 ||    51
       Sack of spiders   |       |       |       |       |       |     1 ||     1
  Use: Scroll            |       |     3 |     9 |    12 |    22 |       ||    46
       Potion            |       |       |     3 |     8 |     5 |       ||    16
 Stab: Sleeping          |       |     1 |     7 |    21 |    28 |       ||    57
       Distracted        |       |       |     2 |     3 |     4 |       ||     9
       Invisible         |       |       |     5 |    59 |    75 |       ||   139
       Paralysed         |       |       |       |       |     2 |       ||     2
  Eat: Chunk             |       |    10 |     6 |    13 |    26 |       ||    55
       Pizza             |       |       |     1 |     1 |       |       ||     2
       Beef jerky        |       |       |     1 |     1 |       |       ||     2
       Meat ration       |       |       |     1 |     2 |     5 |       ||     8
       Royal jelly       |       |       |       |     3 |       |       ||     3
       Fruit             |       |       |       |     1 |     1 |       ||     2
Armor: Leather armour    |    25 |    58 |   180 |       |       |       ||   263
       Robe              |       |       |     6 |   151 |   158 |       ||   315
       Skin              |       |       |       |     8 |       |       ||     8
       Quicksilver drago |       |       |       |       |    84 |    21 ||   105
Dodge: Dodged            |    63 |   137 |   190 |   380 |   512 |    14 ||  1296
Block: Buckler           |       |    21 |    26 |       |       |       ||    47
       Other             |       |       |    13 |   196 |   219 |    11 ||   439
       Reflection        |       |       |     1 |     6 |    17 |     1 ||    25
       Rpst.: Scimitar   |       |       |       |       |     4 |       ||     4
